 Dungeon Crawl Stone Soup version 0.20.0-10-g0535bb4 (webtiles) character file.

255215 Peloso the Hoplite (level 19, -7/179 HPs)
             Began as a Minotaur Fighter on June 3, 2017.
             Was the Champion of Okawaru.
             Killed from afar by a deep elf mage (35 damage)
             ... with a bolt of magma
             ... on level 2 of the Elven Halls on June 4, 2017.
             The game lasted 02:06:24 (33518 turns).

Peloso the Hoplite (Minotaur Fighter)              Turns: 33518, Time: 02:06:26

Health: -7/179     AC: 26    Str: 27    XL:     19   Next: 4%
Magic:  17/19      EV: 15    Int:  5    God:    Okawaru [******]
Gold:   2971       SH:  0    Dex: 15    Spells: 18/18 levels left

rFire    . . .     SeeInvis .   a - +3 scimitar (flame)
rCold    . . .     Gourm    .   (no shield)
rNeg     . . .     Faith    .   F - +2 shadow dragon scales
rPois    +         Spirit   .   (helmet restricted)
rElec    .         Reflect  .   u - +0 cloak {MR+}
rCorr    .         Harm     .   N - +2 pair of gloves {Dex+3}
MR       ++...                  I - +0 pair of boots
Stlth    ++++......             O - amulet of regeneration
Regen    0.8/turn               V - ring of poison resistance
MPRegen  0.2/turn               h - +4 ring of slaying

@: very slightly contaminated
A: retaliatory headbutt, horns 2
}: 2/15 runes: decaying, serpentine
a: Heroism, Finesse, Renounce Religion


You were on level 2 of the Elven Halls.
You worshipped Okawaru.
Okawaru was exalted by your worship.
You were not hungry.

You visited 7 branches of the dungeon, and saw 34 of its levels.
You also visited: Labyrinth and Ossuary.

You collected 3415 gold pieces.
You spent 444 gold pieces at shops.

Inventory:

Hand Weapons
 a - a +3 scimitar of flaming (weapon)
 v - a +1 long sword of electrocution
Armour
 b - the +0 shield "Qiagipn" {Dex+4}
   (Okawaru gifted it to you on level 1 of the Swamp)

   It affects your dexterity (+4).
 i - a +1 large shield of protection
 u - a +0 cloak of magic resistance (worn)
 z - a +1 large shield of reflection
 F - +2 shadow dragon scales (worn)
 I - a +0 pair of boots (worn)
 N - a +2 pair of gloves of dexterity (worn)
 Z - a +1 cloak of invisibility
Jewellery
 h - a +4 ring of slaying (right hand)
 C - an uncursed ring of resist corrosion
 O - an amulet of regeneration (around neck)
 V - a ring of poison resistance (left hand)
Scrolls
 c - a scroll of silence
 j - a scroll of holy word {unknown}
 k - 4 scrolls of remove curse
 l - 2 scrolls of magic mapping
 m - 4 scrolls of identify
 p - 5 scrolls of recharging
 q - 9 scrolls of teleportation
 r - 5 scrolls of fog
 y - a scroll of enchant armour
 B - a scroll of amnesia
 G - a scroll of blinking
 J - 2 scrolls of summoning
 U - 2 scrolls of fear
Potions
 d - 6 potions of might
 e - 13 potions of curing
 g - a potion of resistance
 n - 4 potions of heal wounds
 o - 2 potions of agility
 s - 5 potions of haste
 w - 11 potions of flight
 M - 3 potions of invisibility
Books
 x - the Compendium of Stolen Souls
   (You found it on level 1 of the Elven Halls)

   Spells                             Type                      Level
   a - Vampiric Draining              Necromancy                   3
   b - Cigotuvi's Embrace             Necromancy                   5
 A - a book of the Earth

   Spells                             Type                      Level
   a - Leda's Liquefaction            Hexes/Earth                  4
   b - Bolt of Magma                  Conjuration/Fire/Earth       5
   c - Statue Form                    Transmutation/Earth          6
   d - Iron Shot                      Conjuration/Earth            6
   e - Shatter                        Earth                        9
Comestibles
 f - 16 bread rations
 t - 16 royal jellies
 E - 14 meat rations
 K - 13 fruits


   Skills:
 + Level 18.3 Fighting
 + Level 19.6 Long Blades
 + Level 15.7 Armour
 + Level 9.2 Dodging
 + Level 5.3 Stealth
 + Level 22.2 Shields
 + Level 1.5 Invocations
 + Level 0.8 Evocations


You had 18 spell levels left.
You didn't know any spells.

Dungeon Overview and Level Annotations

Branches:
Dungeon (15/15)            Temple (1/1) D:4            Lair (6/6) D:11
  Swamp (4/4) Lair:3        Snake (4/4) Lair:2        Slime (0/5) Lair:5
    Orc (2/2) D:11            Elf (2/3) Orc:2        Vaults (0/5) D:13
 Depths (0/5) D:15

Altars:
Ashenzari
Dithmenos
Fedhas
Gozag
Hepliaklqana
Kikubaaqudgha
Makhleb
Nemelex Xobeh
Okawaru
Qazlal
Ru
Trog
Uskayaw
Xom
Yredelemnul
Zin
The Shining One
Beogh
Jiyva

Shops:
D:9 *(   D:11 }   Orc:2 [:*(   Elf:1 :

Annotations:
D:10 exclusion: orange crystal statue


Innate Abilities, Weirdness & Mutations

You reflexively headbutt those who attack you in melee.
You have a pair of horns on your head.


Message History

[Y]es or [N]o only, please.
Keep equipping yourself? [Y]es or [N]o only, please.
Keep equipping yourself? [Y]es or [N]o only, please.
Keep equipping yourself?
The shard of ice misses you.
The deep elf mage gestures at you while chanting.
The bolt of magma hits something.
The bolt of magma hits you!
* * * LOW HITPOINT WARNING * * *
You start putting on your armour.
You continue putting on your +1 large shield of reflection.
Something hits you but does no damage.
The deep elf mage casts a spell.
You continue putting on your +1 large shield of reflection.
Something hits you but does no damage. x2
The deep elf mage casts a spell at you.
The bolt of magma hits the earth elemental.
The earth elemental partially resists.
The bolt of magma hits you!
You die...

..#.## ##..###.......#.).....#..
##.## #........[......?..).....
#.## ##...####)###.###.....##..
.## ##.##># #.(.#####.....####.
## ##.###.# #...# #.......#### #
##.########.(.#####.......##.
#####.###.##....(....##......##.#
...............)))...............
###.#####(####≈≈@≈≈######.####...
##.## ######≈≈{≈≈# #.# #... #.##
##)#≈≈E§§# #.# ##... #.#
##..##≈e≈## #.# #.... #.#
##..###≈.≈# #.# #....
#.#######..## #§E≈# #.# ##...
#.#..<..>..# ##)## #.# #...
############ #')'# ### #### ###
### #####.).##### ### ##


You could see 2 earth elementals and a deep elf mage.

Vanquished Creatures
  Saint Roka (Orc:1)
  A bone dragon (Swamp:4)
  Jorgrun (Snake:4)
  A deep elf blademaster (Elf:2)
  Gastronok (Lair:2)
  Kirke (D:15)
  Roxanne (Elf:1)
  6 nagarajas (Snake:4)
  Aizul (Snake:3)
  2 deep elf sorcerers (Elf:1)
  2 orc warlords (Orc:1)
  A stone giant (Orc:2)
  The ghost of McKennaii the Carver, a journeyman DsAK of Lugonu (D:15)
  A dire elephant (D:15)
  Azrael (D:14)
  A deep elf annihilator (Elf:1)
  A deep elf death mage (Elf:1)
  A minotaur (Lab)
  Erolcha (Orc:1)
  Fannar (D:10)
  Harold (Lair:2)
  10 naga warriors
  19 hydras
  2 centaur warriors
  Erica (D:9)
  14 anacondas
  18 dancing weapons
  4 two-headed ogres
  8 alligators
  A catoblepas (Lair:6)
  10 death yaks
  A deep troll shaman (Lair:6)
  10 naga sharpshooters
  23 deep elf knights
  An orc high priest (Orc:2)
  7 shock serpents
  A salamander mystic (Snake:2)
  3 skeletal warriors (D:13)
  An unseen horror (D:14)
  The ghost of Deathclocker the Carver, a novice MiFi of Okawaru (D:7)
  6 swamp dragons
  3 phantasmal warriors (Swamp:4)
  2 shambling mangroves
  8 naga ritualists
  A spectral hydra (Swamp:4)
  7 deep elf archers
  A necromancer (Elf:1)
  A wizard (D:14)
  A wolf spider (D:14)
  4 orc knights
  5 mana vipers
  11 ugly things
  2 orc sorcerers (Orc:2)
  A cyclops (D:15)
  7 salamanders
  A manticore (D:15)
  32 deep elf magi
  46 black mambas
  17 guardian serpents
  13 elephants
  A torpor snail (Lair:6)
  2 centaur skeletons
  19 naga magi
  15 spiny frogs
  3 rime drakes
  2 komodo dragons
  2 kobold demonologists (D:14)
  2 swamp worm zombies (Swamp:4)
  4 hydra zombies (Swamp:4)
  7 trolls
  A queen bee (shapeshifter) (D:15)
  7 polar bears
  11 hornets
  A dream sheep (shapeshifter) (D:14)
  5 spectral swamp dragons (Swamp:4)
  4 alligator zombies (Swamp:4)
  23 slime creatures
  7 bog bodies
  4 tyrant leeches
  8 hippogriffs
  5 blink frogs
  A shadow (D:12)
  2 large abominations (Elf:1)
  5 spriggans
  An air elemental (Elf:2)
  4 water elementals
  6 hogs
  52 yaks
  A wraith (D:15)
  4 wyverns
  6 basilisks
  9 fire elementals
  2 humans
  Grum (D:10)
  2 steam dragons
  7 hungry ghosts
  30 vampire mosquitoes
  13 insubstantial wisps
  Edmund (D:4)
  2 wargs (Orc:1)
  45 nagas
  19 swamp worms
  An acid dragon (D:15)
  A soldier ant (D:14)
  16 porcupines
  2 hell hounds (D:14)
  37 orc warriors
  13 water moccasins
  7 swamp drakes
  2 ice beasts (D:12)
  12 phantoms
  7 sky beasts
  2 black bears
  3 swamp dragon zombies (Swamp:4)
  A necrophage (D:4)
  12 wolves
  12 ogres
  3 centaurs
  An eye of draining (D:14)
  12 crocodiles
  4 big kobolds
  18 bullfrogs
  5 elf zombies (Elf:1)
  2 gnoll sergeants
  2 earth elementals
  A wyvern zombie (D:7)
  A scorpion (D:6)
  8 killer bees
  A water moccasin skeleton (D:6)
  4 wights (D:10)
  A vampire bat (D:5)
  8 howler monkeys
  A bullfrog zombie (D:8)
  3 centaur zombies
  7 crimson imps
  6 hounds
  9 jellies
  A gnoll shaman (D:6)
  A quasit (D:10)
  30 orc priests
  22 orc wizards
  Jessica (D:3)
  8 iguanas
  2 spectral swamp drakes (Swamp:4)
  6 hell rats
  9 worker ants
  A bullfrog simulacrum (D:13)
  5 hound zombies (Ossuary)
  4 mummies
  A howler monkey zombie (D:10)
  Robin (D:2)
  18 gnolls
  A howler monkey skeleton (D:8)
  15 adders
  4 shadow imps
  A white imp (D:13)
  An ufetubus (D:13)
  3 oozes
  An adder skeleton (D:4)
  3 adder zombies
  3 worms
  3 dart slugs
  3 fire bats (D:5)
  3 leopard geckos
  98 orcs
  2 spectral bats (D:5)
  3 bat skeletons (D:5)
  A bat zombie (D:5)
  5 giant cockroaches
  2 gnoll zombies (Ossuary)
  9 goblins
  11 hobgoblins
  5 jackals
  20 kobolds
  4 quokkas
  A ball python (D:1)
  15 bats
  A bat simulacrum (D:5)
  2 frilled lizards
  A goblin zombie (Ossuary)
  5 hobgoblin zombies (Ossuary)
  3 jackal zombies (Ossuary)
  6 kobold zombies
  A leopard gecko zombie (D:9)
  2 orc zombies
  2 quokka skeletons
  4 quokka zombies (Ossuary)
  7 rats
  6 rat zombies (Ossuary)
  A bush (Lair:1)
  2 fungi (Lair:1)
  2 plants
1275 creatures vanquished.

Vanquished Creatures (collateral kills)
  A fungus (Lair:5)
  A plant (Lair:5)
2 creatures vanquished.

Vanquished Creatures (others)
  A nagaraja (Snake:4)
  4 naga sharpshooters
  3 deep elf archers (Elf:1)
  A naga mage (Snake:4)
  A human (D:15)
  A kobold (D:12)
  A butterfly (Lair:3)
  8 fungi
  6 plants
26 creatures vanquished.

Grand Total: 1303 creatures vanquished

Notes
Turn   | Place    | Note
-------+----------+-------------------------------------------
     0 | D:1      | Peloso the Minotaur Fighter began the quest for the Orb.
     0 | D:1      | Reached XP level 1. HP: 19/19 MP: 0/0
   199 | D:1      | Reached XP level 2. HP: 26/26 MP: 1/1
   240 | D:1      | Reached skill level 4 in Shields
   872 | D:2      | Noticed Robin
   886 | D:2      | Reached XP level 3. HP: 19/31 MP: 2/2
   904 | D:2      | Killed Robin
  1280 | D:2      | Found a shattered altar of Ashenzari.
  1287 | D:2      | Reached XP level 4. HP: 30/40 MP: 3/3
  1465 | D:2      | Found a basalt altar of Yredelemnul.
  1468 | D:2      | Found a burning altar of Makhleb.
  1471 | D:2      | Found an opulent altar of Gozag.
  1982 | D:3      | Noticed Jessica
  1986 | D:3      | Killed Jessica
  1986 | D:3      | Reached XP level 5. HP: 45/46 MP: 4/4
  2008 | D:3      | Reached skill level 5 in Shields
  2030 | D:3      | Reached skill level 1 in Dodging
  2191 | D:3      | Found a hazy altar of Hepliaklqana.
  2284 | D:3      | Reached XP level 6. HP: 49/53 MP: 5/5
  2396 | D:4      | Found a staircase to the Ecumenical Temple.
  2410 | Temple   | Entered the Ecumenical Temple
  2518 | Temple   | Became a worshipper of Warmaster Okawaru
  2593 | D:4      | Reached skill level 5 in Long Blades
  2628 | D:4      | Noticed Edmund
  2669 | D:4      | Killed Edmund
  2672 | D:4      | Reached skill level 5 in Armour
  2672 | D:4      | Reached XP level 7. HP: 20/59 MP: 6/6
  2811 | D:4      | Got a pitted chain mail
  2822 | D:4      | Identified the +7 chain mail of the Gloaming {rF+ Regen+ Int+3} (You found it on level 4 of the Dungeon)
  2958 | D:4      | Reached skill level 6 in Shields
  3027 | D:4      | Reached skill level 5 in Fighting
  3336 | D:5      | Entered Level 5 of the Dungeon
  3336 | D:5      | Found a blossoming altar of Fedhas.
  3343 | D:5      | Found a stormy altar of Qazlal.
  3441 | D:5      | Reached * piety under Okawaru
  3505 | D:5      | Reached XP level 8. HP: 67/67 MP: 7/7
  3508 | D:5      | Reached skill level 7 in Shields
  3539 | D:5      | Found a shadowy altar of Dithmenos.
  3952 | D:5      | Found a bloodstained altar of Trog.
  4146 | D:6      | Reached ** piety under Okawaru
  4324 | D:6      | Reached skill level 8 in Shields
  4999 | D:7      | Reached skill level 1 in Stealth
  4999 | D:7      | Reached XP level 9. HP: 74/74 MP: 8/8
  5137 | D:7      | Noticed Deathclocker's ghost (novice MiFi)
  5160 | D:7      | Killed Deathclocker's ghost
  5160 | D:7      | Reached *** piety under Okawaru
  5160 | D:7      | Reached skill level 9 in Shields
  5181 | D:7      | Reached skill level 10 in Long Blades
  5570 | D:7      | Reached **** piety under Okawaru
  5818 | D:7      | Found a sparkling altar of Nemelex Xobeh.
  5917 | D:7      | Paralysed by a hornet for 3 turns
  5924 | D:7      | Reached XP level 10. HP: 50/85 MP: 9/9
  6392 | D:8      | Noticed a two-headed ogre
  6407 | D:8      | Killed a two-headed ogre
  6407 | D:8      | Reached skill level 10 in Shields
  6417 | D:8      | Noticed a two-headed ogre
  6433 | D:8      | Killed a two-headed ogre
  6468 | D:8      | Reached ***** piety under Okawaru
  6709 | D:8      | Found a sand-covered staircase.
  6719 | Ossuary  | Entered an ossuary
  7698 | D:9      | Noticed Erica
  7713 | D:9      | Killed Erica
  7713 | D:9      | Reached skill level 11 in Shields
  7865 | D:9      | Found Ymuhuy's Antique Weapon Boutique.
  8045 | D:9      | Found Esmi's Demolitions Depot.
  8306 | D:10     | Entered Level 10 of the Dungeon
  8307 | D:10     | Noticed Fannar
  8319 | D:10     | Killed Fannar
  8319 | D:10     | Reached XP level 11. HP: 79/94 MP: 10/10
  8489 | D:10     | Noticed an orange crystal statue
  8575 | D:10     | Got a fine trident
  8587 | D:10     | Received a gift from Okawaru
  8604 | D:10     | Noticed a two-headed ogre
  8608 | D:10     | Killed a two-headed ogre
  8660 | D:10     | Identified the +9 trident "Ralam" {venom, *Noise Dex+7} (You found it on level 10 of the Dungeon)
  8772 | D:10     | Noticed Grum
  8778 | D:10     | Killed Grum
  9310 | D:11     | Found a staircase to the Orcish Mines.
  9423 | D:11     | Found a viscous altar of Jiyva.
  9430 | D:11     | Reached skill level 12 in Shields
  9490 | D:11     | Noticed a six-headed hydra
  9496 | D:11     | Killed a two-headed hydra
  9496 | D:11     | Reached ****** piety under Okawaru
  9962 | D:11     | Found Lemux's Gadget Shoppe.
 10043 | D:11     | Found a staircase to the Lair.
 10181 | Lair:1   | Entered Level 1 of the Lair of Beasts
 10321 | Lair:1   | Reached skill level 5 in Dodging
 11013 | Lair:2   | Found a staircase to the Snake Pit.
 11054 | Lair:2   | Received a gift from Okawaru
 11105 | Lair:2   | Reached XP level 12. HP: 104/105 MP: 11/11
 11141 | Lair:2   | Noticed Gastronok
 11155 | Lair:2   | Killed Gastronok
 11155 | Lair:2   | Reached skill level 10 in Fighting
 11199 | Lair:2   | Reached skill level 13 in Shields
 11356 | Lair:2   | Noticed Harold
 11364 | Lair:2   | Killed Harold
 11864 | Lair:3   | Found a labyrinth entrance.
 11888 | Lab      | Entered a labyrinth
 11980 | Lab      | Reached skill level 10 in Armour
 12156 | Lab      | Noticed a minotaur
 12161 | Lab      | Killed a minotaur
 12166 | Lab      | Got a warped shortbow
 12233 | Lair:3   | Reached skill level 15 in Long Blades
 12304 | Lair:3   | Noticed a four-headed hydra
 12309 | Lair:3   | Killed a two-headed hydra
 12376 | Lair:3   | Noticed a six-headed hydra
 12380 | Lair:3   | Noticed a four-headed hydra
 12384 | Lair:3   | Killed a four-headed hydra
 12388 | Lair:3   | Killed a two-headed hydra
 12388 | Lair:3   | Received a gift from Okawaru
 12388 | Lair:3   | Reached skill level 14 in Shields
 12453 | Lair:3   | Reached XP level 13. HP: 110/115 MP: 12/12
 12564 | Lair:3   | Found a staircase to the Swamp.
 13131 | Lair:4   | Received a gift from Okawaru
 13144 | Lair:4   | You fall through a shaft for 2 floors!
 13144 | Lair:6   | Entered Level 6 of the Lair of Beasts
 14150 | Lair:5   | Received a gift from Okawaru
 14153 | Lair:5   | Got an encrusted cloak {god gift}
 14164 | Lair:5   | Identified the +0 cloak of the Lumpy Emperors {Int+4} (Okawaru gifted it to you on level 5 of the Lair of Beasts)
 14288 | Lair:5   | Reached skill level 15 in Shields
 14470 | Lair:5   | Found a staircase to the Slime Pits.
 15333 | Lair:6   | Reached XP level 14. HP: 95/126 MP: 13/13
 15343 | Lair:6   | Received a gift from Okawaru
 16150 | D:12     | Reached skill level 16 in Shields
 16265 | D:12     | Found a shimmering altar of Xom.
 17109 | D:13     | Found a shadowy altar of Dithmenos.
 17311 | D:13     | Received a gift from Okawaru
 17338 | D:13     | Found a gate to the Vaults.
 17966 | D:14     | Noticed Azrael
 17982 | D:14     | Killed Azrael
 18295 | D:14     | Identified a scroll of acquirement
 18362 | D:15     | Entered Level 15 of the Dungeon
 18386 | D:15     | Reached XP level 15. HP: 136/136 MP: 14/14
 18445 | D:15     | Found a staircase to the Depths.
 18471 | D:15     | Reached skill level 17 in Shields
 18473 | D:15     | Noticed McKennaii's ghost (journeyman DsAK)
 18493 | D:15     | Killed McKennaii's ghost
 18617 | D:15     | Received a gift from Okawaru
 18722 | D:15     | Noticed Kirke
 18735 | D:15     | Killed Kirke
 19166 | Orc:1    | Entered Level 1 of the Orcish Mines
 19423 | Orc:2    | Entered Level 2 of the Orcish Mines
 19423 | Orc:2    | Noticed an orc warlord
 19461 | Orc:2    | Noticed an orc warlord
 19503 | Orc:1    | Killed an orc warlord
 19772 | Orc:1    | Killed an orc warlord
 19834 | Orc:2    | Noticed Saint Roka
 19922 | Orc:1    | Killed Saint Roka
 20004 | Orc:2    | Found a roughly hewn altar of Beogh.
 20174 | Orc:2    | Paralysed by an orc sorcerer for 3 turns
 20182 | Orc:2    | Found Himeav's General Store.
 20184 | Orc:2    | Found Meerrai's Antique Armour Shoppe.
 20203 | Orc:2    | Found Gauneru's Antique Weapon Shoppe.
 20242 | Orc:2    | Bought a pair of crude gloves for 294 gold pieces
 20252 | Orc:2    | Identified the cursed +0 pair of gloves "Boutaim" {*Slow +Fly rN+} (You bought it in a shop on level 2 of the Orcish Mines)
 20272 | Orc:2    | Found Tiechaxaho's Book Shoppe.
 20294 | Orc:2    | Found a staircase to the Elven Halls.
 20418 | Orc:1    | Reached skill level 18 in Shields
 20808 | Orc:1    | Noticed Erolcha
 20821 | Orc:1    | Killed Erolcha
 21226 | Swamp:1  | Entered Level 1 of the Swamp
 21240 | Swamp:1  | Received a gift from Okawaru
 21268 | Swamp:1  | Got a steaming shield {god gift}
 21279 | Swamp:1  | Identified the +0 shield "Qiagipn" {Dex+4} (Okawaru gifted it to you on level 1 of the Swamp)
 21687 | Swamp:1  | Reached skill level 15 in Fighting
 21973 | Swamp:2  | Reached XP level 16. HP: 144/149 MP: 15/15
 23257 | Swamp:3  | Received a gift from Okawaru
 23404 | Swamp:4  | Entered Level 4 of the Swamp
 23861 | Swamp:4  | Reached skill level 19 in Shields
 24917 | Swamp:4  | Noticed a bone dragon
 24943 | Swamp:4  | Killed a bone dragon
 24962 | Swamp:4  | Got a decaying rune of Zot
 25428 | Snake:1  | Entered Level 1 of the Snake Pit
 25647 | Snake:1  | Received a gift from Okawaru
 26479 | Snake:2  | Reached XP level 17. HP: 151/156 MP: 16/16
 26559 | Snake:2  | Got an encrusted morningstar
 26560 | Snake:2  | Identified the +3 morningstar of Havoc {flame, MR- Int+6} (You found it on level 2 of the Snake Pit)
 27165 | Snake:3  | Noticed Aizul
 27180 | Snake:3  | Killed Aizul
 27180 | Snake:3  | Received a gift from Okawaru
 27345 | Snake:3  | Reached skill level 20 in Shields
 27713 | Snake:4  | Entered Level 4 of the Snake Pit
 28310 | Snake:4  | Reached skill level 15 in Armour
 28527 | Snake:4  | Noticed Jorgrun
 28947 | Snake:4  | Received a gift from Okawaru
 29510 | Snake:4  | Killed Jorgrun
 29682 | Snake:4  | Reached XP level 18. HP: 168/170 MP: 17/17
 29688 | Snake:4  | Received a gift from Okawaru
 29727 | Snake:4  | Reached skill level 21 in Shields
 30290 | Snake:4  | Reached skill level 1 in Invocations
 30332 | Snake:4  | Got a serpentine rune of Zot
 30882 | Orc:2    | Bought a potion of heal wounds for 75 gold pieces
 30882 | Orc:2    | Bought a potion of heal wounds for 75 gold pieces
 30925 | Elf:1    | Entered Level 1 of the Elven Halls
 31143 | Elf:1    | Found Moegen's Book Shoppe.
 31375 | Elf:1    | Received a gift from Okawaru
 31600 | Elf:1    | Identified the Compendium of Stolen Souls
 31677 | Elf:1    | Reached skill level 5 in Stealth
 31831 | Elf:1    | Noticed Roxanne
 31862 | Elf:1    | Killed Roxanne
 32480 | Elf:2    | Found an ancient bone altar of Kikubaaqudgha.
 32729 | Elf:2    | Found a runed gate.
 32729 | Elf:2    | Found a runed gate.
 32729 | Elf:2    | Found a runed gate.
 33077 | Elf:2    | Received a gift from Okawaru
 33112 | Elf:2    | Reached skill level 22 in Shields
 33470 | Elf:2    | Reached XP level 19. HP: 125/179 MP: 19/19
 33518 | Elf:2    | Killed from afar by a deep elf mage

Skill      XL: |  1  2  3  4  5  6  7  8  9 10 11 12 13 14 15 16 17 18 |
---------------+-------------------------------------------------------+-----
Shields        | 4 5 6 8 9 11 12 14 15 16 18 19 20 22 | 22.2
Armour         | 4 5 6 7 8 9 10 11 12 13 14 15 | 15.7
Long Blades    | 3 4 5 6 9 10 12 13 15 16 17 18 19 | 19.6
Fighting       | 4 5 7 8 9 11 12 13 15 16 17 18 | 18.3
Dodging        | 1 2 3 4 5 6 7 8 9 |  9.2
Stealth        | 1 2 3 4 5 |  5.3
Invocations    | 1 |  1.5
Evocations     | |  0.8

Action                   |  1- 3 |  4- 6 |  7- 9 | 10-12 | 13-15 | 16-18 | 19-21 || total
-------------------------+-------+-------+-------+-------+-------+-------+-------++-------
Melee: Long sword        |    74 |   170 |   299 |   272 |       |       |       ||   815
       Headbutt          |    10 |    32 |    80 |   185 |   382 |   498 |     4 ||  1191
       Scimitar          |       |       |       |   485 |  1255 |  1495 |    14 ||  3249
       Double sword      |       |       |       |       |       |     5 |       ||     5
Invok: Heroism           |       |       |       |     1 |     3 |     7 |       ||    11
Evoke: Wand              |       |       |       |     9 |     1 |       |       ||    10
  Use: Scroll            |       |       |       |    27 |     7 |    13 |     1 ||    48
       Potion            |       |       |       |       |     1 |     6 |       ||     7
 Stab: Petrified         |       |       |       |       |     6 |       |       ||     6
       Sleeping          |       |       |       |       |       |    15 |       ||    15
       Distracted        |       |       |       |       |       |     2 |       ||     2
  Eat: Chunk             |     1 |     4 |    10 |    22 |    31 |    27 |       ||    95
       Fruit             |       |       |       |     1 |     1 |    15 |       ||    17
       Royal jelly       |       |       |       |     1 |       |       |       ||     1
Armor: Scale mail        |    31 |    28 |       |       |       |       |       ||    59
       Chain mail        |       |       |   139 |   273 |   507 |   191 |       ||  1110
       Shadow dragon sca |       |       |       |       |       |   302 |    15 ||   317
       Ice dragon scales |       |       |       |       |       |     3 |       ||     3
Dodge: Dodged            |    26 |    71 |   169 |   220 |   426 |   512 |     9 ||  1433
Block: Shield            |    43 |   101 |   214 |   441 |   932 |   590 |       ||  2321
       Large shield      |       |       |       |       |       |   864 |    22 ||   886
       Reflection        |       |       |       |       |       |   141 |       ||   141
       Rpst.: Long sword |     6 |    25 |    44 |    22 |       |       |       ||    97
       Scimitar          |       |       |       |    37 |   108 |   111 |     1 ||   257
       Double sword      |       |       |       |       |       |     1 |       ||     1
